 Dungeon Crawl Stone Soup version 0.19-a0-860-g5c370dd (webtiles) character file.

151 4thArraOfDagon the Slasher (level 5, -4/42 HPs)
             Began as a Human Monk on July 2, 2016.
             Killed by divine providence
             ... invoked by an orc priest
              (15 damage)
             ... on level 3 of the Dungeon.
             The game lasted 00:05:19 (1788 turns).

4thArraOfDagon the Slasher (Human Monk)             Turns: 1788, Time: 00:05:19

Health: -4/42      AC:  6    Str: 16    XL:     5   Next: 60%
Magic:  5/5        EV: 11    Int: 12    God:
Gold:   86         SH:  0    Dex: 15    Spells: 0 memorised, 4 levels left

rFire  . . .     SeeInvis .     a - +0 falchion
rCold  + . .     Gourm    +     l - +0 scale mail
rNeg   . . .     Faith    .     (no shield)
rPois  .         Spirit   .     (no helmet)
rElec  .         Dismiss  .     (no cloak)
rCorr  .         Reflect  .     (no gloves)
SustAt .         Harm     .     (no boots)
MR     .....                    p - amulet of the gourmand
Stlth  +.........               (no ring)
                                h - ring of protection from cold

@: mighty, not resistant to hostile enchantments, very unstealthy
A: no striking features
a: no special abilities


You were on level 3 of the Dungeon.
You were not hungry.

You visited 1 branch of the dungeon, and saw 3 of its levels.

You collected 86 gold pieces.

Inventory:

Hand Weapons
 a - a +0 falchion (weapon)
Missiles
 f - 7 javelins (quivered)
Armour
 b - a +0 plate armour
 l - a +0 scale mail (worn)
Jewellery
 h - a ring of protection from cold (left hand)
 p - an amulet of the gourmand (around neck)
Scrolls
 e - a scroll of immolation {unknown}
 i - 2 scrolls of fog {unknown}
 m - 2 scrolls of teleportation {unknown}
 n - a scroll of blinking {unknown}
Potions
 g - a potion of degeneration
 k - 2 potions of flight
 q - a potion of magic
 r - a potion of curing {unknown}
Comestibles
 c - 3 bread rations
 o - 2 meat rations


   Skills:
 + Level 4.0 Fighting
 * Level 4.6 Long Blades
 + Level 2.0 Armour
 - Level 3.0 Dodging
 - Level 2.0 Stealth


You had 4 spell levels left.
You didn't know any spells.

Dungeon Overview and Level Annotations

Branches:
Dungeon (3/15)

Altars:
Makhleb


Message History

You slash the giant frog!
The giant frog is severely wounded.
The giant frog hits you! The giant frog hits you.
* * * LOW HITPOINT WARNING * * *
You slash the giant frog!
You kill the giant frog!
Your Fighting skill increases to level 4!
Your Armour skill increases to level 2!
You have reached level 5!
An orc comes into view. It is wielding a short sword.
An orc and an orc wizard come into view.
The orc shouts! x2; The orc wizard shouts!
Unknown command.
The orc priest shouts!
Unknown command.
Unknown command.
Unknown command.
The orc priest invokes the aid of Beogh against you.
Beogh smites you!
You die...

#....##### ####.... ##
####..#..#########.#_....
.### ##.#..#.........##....
...### #.#............##8...
##...########......>.......#
8#
.................o.o.......##
####.##########.##..........#
#........# #.o#..........#
#........# ##@#..........#
##.......####.########.#.# #
#####รท....(....#o# #.#.# .#
...##.......##...# #.#.# .#
##..<.......####..... #......
##.........# ##.##. ###.#.
###.#.......# .# . ...
#...####.##... .# . #.# ..###
#.####. .. #. #.#####


You could see an orc priest and an orc.

Vanquished Creatures
  A giant frog (D:3)
  2 adders
  2 dart slugs
  4 giant geckos
  4 ball pythons
  6 bats
  A giant cockroach (D:1)
  5 goblins
  12 hobgoblins
  7 kobolds
  2 quokkas
  A giant newt (D:2)
  10 rats
57 creatures vanquished.

Notes
Turn   | Place    | Note
-------+----------+-------------------------------------------
     0 | D:1      | 4thArraOfDagon the Human Monk began the quest for the Orb.
     0 | D:1      | Reached XP level 1. HP: 18/18 MP: 1/1
     0 | D:1      | HUMOUR
   225 | D:1      | Reached XP level 2. HP: 20/24 MP: 2/2
   458 | D:1      | Reached XP level 3. HP: 20/29 MP: 3/3
   621 | D:1      | Reached skill level 1 in Armour
  1281 | D:2      | Reached XP level 4. HP: 28/36 MP: 4/4
  1751 | D:3      | Found a burning altar of Makhleb.
  1778 | D:3      | Noticed a giant frog
  1782 | D:3      | Killed a giant frog
  1782 | D:3      | Reached XP level 5. HP: 10/42 MP: 5/5
  1788 | D:3      | Killed from afar by an orc priest

Vault maps used:
D:1:      dpeg_arrival_water_temple_mockup
D:2:      st_stairs_4, hangedman_abyss_or_decor_lesser_grid
D:3:      nicolae_overflow_hidden_temple, portal_sewer_entry_d, uniq_iyjb,
          uniq_sigmund

Skill      XL: |  1  2  3  4 |
---------------+-------------+-----
Armour         | 1 2 |  2.0
Long Blades    | 4 |  4.6
Fighting       | 4 |  4.0
Dodging        | |  3.0
Stealth        | |  2.0

Action                   |  1- 3 |  4- 6 || total
-------------------------+-------+-------++-------
Melee: Falchion          |   142 |    73 ||   215
  Use: Scroll            |       |     4 ||     4
       Potion            |       |     1 ||     1
 Stab: Sleeping          |     3 |       ||     3
  Eat: Chunk             |     1 |     8 ||     9
Armor: Robe              |    18 |       ||    18
       Scale mail        |    11 |    17 ||    28
Dodge: Dodged            |    73 |    24 ||    97
